 Dungeon Crawl Stone Soup version 0.30-a0-1161-g0704695555 (webtiles) character file.

Game seed: 7436563176922612177

72 ytrimaz the Ducker (level 4, -7/31 HPs)
             Began as an Octopode Fighter on Apr 27, 2023.
             Splashed by a jelly's acid (9 damage)
             ... on level 2 of the Dungeon.
             The game lasted 00:01:35 (1130 turns).

ytrimaz the Ducker (Octopode Fighter)               Turns: 1130, Time: 00:01:36

Health: -7/31      AC:  1    Str: 15    XL:     4   Next: 25%
Magic:  4/4        EV: 14    Int: 10    God:
Gold:   79         SH:  9    Dex: 13    Spells: 3/3 levels left

rFire   + . .        a - +0 long sword
rCold   . . .        b - +0 buckler
rNeg    + . .        (helmet restricted)
rPois   .            h - amulet of Ocogun {Reflect rN+ SH+5}
rElec   .            n - ring of protection from fire
rCorr   .            (no ring)
SInv    .            (no ring)
Will    .....        (no ring)
Stlth   ++           (no ring)
HPRegen 0.25/turn    (no ring)
MPRegen 0.09/turn    (no ring)
                     (no ring)

%: reflection
@: no status effects
A: almost no armour, amphibious, 8 rings, camouflage 1, gelatinous body 1,
(nimble swimmer 1), tentacles
a: no special abilities


You were on level 2 of the Dungeon.
You visited 1 branch of the dungeon, and saw 2 of its levels.

You collected 79 gold pieces.


Innate Abilities, Weirdness & Mutations

You cannot wear most types of armour.
You are amphibious.
You can wear up to eight rings at the same time.
Your skin changes colour to match your surroundings (Stealth+).
Your rubbery body absorbs attacks. (AC +1, EV +1)
((You are camouflaged when in or above water. (Stealth+)))
You have tentacles for arms and can constrict up to eight enemies at once.


   Skills:
 - Level 3.0 Fighting
 + Level 3.3 Long Blades
 + Level 4.0 Dodging
 * Level 3.2 Shields


You had 3 spell levels left.
You didn't know any spells.
Your spell library was empty.

Inventory:

Hand Weapons
 a - a +0 long sword (weapon)
Armour
 b - a +0 buckler (worn)
Jewellery
 g - a +6 ring of intelligence
   (You found it on level 2 of the Dungeon)
 h - the amulet of Ocogun (around mantle) {Reflect rN+ SH+5}
   (You found it on level 2 of the Dungeon)

   [amulet of reflection]

   It reflects blocked missile attacks.
   rN:        It protects you from negative energy.
   SH:        It affects your SH (+5).
 n - a ring of protection from fire (left tentacle)
   (You found it on level 2 of the Dungeon)
Scrolls
 m - a scroll of teleportation
Potions
 c - 2 potions of might
 f - a potion of degeneration {unknown}
 i - 2 potions of lignification {unknown}

Dungeon Overview and Level Annotations

Branches:
Dungeon (2/15) Zot: 10838

Altars:
Okawaru

###.# . ####### #####
#....J.##########
....#####P.PPP.'##......#####
###....##..J.÷.#J#.......##.#
####.##P÷PP.J#@#........'.##
#.##.J.J..#.#........'..#
####
#.##PP..J.#.#'#......').#
...#
#.##.÷..JJ#.#§#.....##..#
#.##
####.P...P#.#§#....####)# ..#
#[J....##.####### #)# .##
############.# .##
####....##...# ..#
#....##....###


You could see a jelly.


Message History

You block the kobold's attack. The kobold completely misses you.
You hit the kobold.
You kill the kobold!
Your Dodging skill increases to level 4!
You barely miss the kobold. You grab the kobold. You squeeze the kobold.
You kill the kobold!
The kobold throws a stone.
The stone hits you. 😕 HP[-2]
You take 2 damage, and now have 29/31 hp.
The kobold hits you but does no damage.
Items here: ( )))) ††.
Unknown command.
You hit the kobold.
You kill the kobold!
No target in view!
Things that are here:
a +0 club; 5 stones; 😕 HP[+1] No target in view!
You see here a +0 short sword.
There is an open gate here. 😎 HP[+1]
Your hp is fully restored (31).
You now have 79 gold pieces (gained 10).
n - a ring of protection from fire
n - a ring of protection from fire (left tentacle)
You open the door.
There is an open door here.
A kobold comes into view. It is wielding a +0 dagger.
Unknown command.
A kobold is nearby!
As you read the scroll labelled COGOLE ZYTREVAE, it crumbles to dust.
The scroll dissolves into smoke.
It was a scroll of fog.
Unknown command.
As you read the scroll labelled EZEIV JICATS, it crumbles to dust.
It is a scroll of amnesia.
You feel forgetful for a moment.
As you read the scroll labelled LOAZ QUTEAMALE, it crumbles to dust.
You assume a fearsome visage.
Nothing appears to happen.
It was a scroll of fear.
Unknown command.
As you read the scroll labelled UXTACE SASSI, it crumbles to dust.
The air around you briefly surges with heat, but it dissipates.
It was a scroll of immolation.
Unknown command.
As you read the scroll labelled IDIN VIODUME, it crumbles to dust.
It is a scroll of identify.
m - a scroll of teleportation No target in view!
No target in view!
The kobold shouts!
You hit the kobold. You grab the kobold. You constrict the kobold.
The kobold hits you with a +0 dagger. The kobold misses you. 😕 HP[-3]
You take 3 damage, and now have 28/31 hp.
You slash the kobold!
You kill the kobold!
Things that are here:
a +0 dagger; a kobold corpse No target in view!
Unknown command.
You open the door.
A jelly comes into view. 😎 HP[+3]
Your hp is fully restored (31).
A jelly is nearby!
A jelly is nearby! 9 endoplasms come into view.
The endoplasm quivers. x2
There is an open door here.
The helpless endoplasm fails to defend itself.
You slash the endoplasm!
You kill the endoplasm!
The jelly quivers.
The endoplasm quivers.
The endoplasm jiggles.
Unknown command.
Things that are here:
a +0 dagger; a kobold corpse The jelly hits you.
You are splashed with acid!
Things that are here:
a +0 dagger; a kobold corpse; 😮 HP[-10]
You take 10 damage, and now have 21/31 hp.
MASSIVE DAMAGE!! (PAUSE)
You slash the jelly!
Your tentacles burn!
The jelly completely misses you. 😮 HP[-5]
You take 5 damage, and now have 16/31 hp.
You are too injured to fight recklessly!
You hit the jelly but do no damage.
Your tentacles burn!
* * * LOW HITPOINT WARNING * * *
You squeeze the jelly. You block the jelly's attack. The jelly hits you.
* * * LOW HITPOINT WARNING * * *
You are splashed with acid!
* * * LOW HITPOINT WARNING * * *
😱 HP[-11]
You take 11 damage, and now have 5/31 hp.
MASSIVE DAMAGE!! (PAUSE)
You hit the jelly.
Your tentacles burn!
* * * LOW HITPOINT WARNING * * *
The jelly hits you.
* * * LOW HITPOINT WARNING * * *
You are splashed with acid!
You die...

Skill      XL: |  1  2  3  4 |
---------------+-------------+-----
Long Blades    | 3 |  3.3
Dodging        | 4 |  4.0
Fighting       | |  3.0
Shields        | |  3.2

Action                     |  1- 3 |  4- 6 || total
---------------------------+-------+-------++-------
  Melee: Long sword        |    76 |    26 ||   102
         Constrict         |    21 |    11 ||    32
         Tentacles         |    14 |     3 ||    17
    Use: Scroll            |       |     5 ||     5
   Stab: Sleeping          |     4 |     1 ||     5
 Armour: Skin              |    11 |     4 ||    15
  Dodge: Dodged            |    61 |     9 ||    70
  Block: Buckler           |    20 |    13 ||    33
         Reflection        |       |     1 ||     1

Levels and vault maps discovered:
D:1:      ncdulo_wetmaze, layout_rooms, minmay_misc_feat_enclosed
D:2:      cheibrodos_fertilizer, layout_rooms, basic_altar, st_stairs_9

Notes
Turn   | Place    | Note
-------+----------+-------------------------------------------
     0 | D:1      | ytrimaz the Octopode Fighter began the quest for the Orb.
     0 | D:1      | Reached XP level 1. HP: 16/16 MP: 1/1
     0 | D:1      | magus.rc [v1.9.6]
    63 | D:1      | Reached XP level 2. HP: 9/21 MP: 2/2
   429 | D:1      | Reached XP level 3. HP: 26/26 MP: 3/3
   627 | D:2      | Reached skill level 3 in Long Blades
   728 | D:2      | Identified the amulet of Ocogun {Reflect rN+ SH+5}
   898 | D:2      | Found an iron altar of Okawaru.
   973 | D:2      | Reached XP level 4. HP: 24/31 MP: 4/4
  1075 | D:2      | Reached skill level 4 in Dodging
  1129 | D:2      | HP: 5/31 [acid (8)]
  1130 | D:2      | HP: 2/31 [jelly (1)]
  1130 | D:2      | Splashed by a jelly's acid

Vanquished Creatures
  An adder (D:2)
  A worm (D:2)
  A dart slug (D:2)
  3 bats (D:1)
  4 endoplasms
  4 giant cockroaches (D:1)
  6 goblins
  6 hobgoblins
  4 jackals (D:2)
  2 quokkas (D:2)
  5 ball pythons
  A frilled lizard (D:1)
  10 kobolds
  2 rats
50 creatures vanquished.

Vanquished Creatures (others)
  2 fungi (D:2)
  7 toadstools (D:2)
9 creatures vanquished.

Grand Total: 59 creatures vanquished

Table legend:
 A = Non-vault XP
 B = Vault XP
 C = Vault XP percentage of total XP
 D = Non-vault monster count
 E = Vault monster count
 F = Vault count percentage of total count
                 A         B        C        D         E       F
            +---------+---------+-------+---------+---------+-------
      Total |      92 |      11 |  10.7 |      42 |       8 |  16.0
            +---------+---------+-------+---------+---------+-------
        D:1 |      40 |       0 |   0.0 |      23 |       0 |   0.0
        D:2 |      52 |      11 |  17.5 |      19 |       8 |  29.6
            +---------+---------+-------+---------+---------+-------

Skill      XL: |  1  2  3  4 |
---------------+-------------+-----
Long Blades    | 3 |  3.3
Dodging        | 4 |  4.0
Fighting       | |  3.0
Shields        | |  3.2

Action                     |  1- 3 |  4- 6 || total
---------------------------+-------+-------++-------
  Melee: Long sword        |    76 |    26 ||   102
         Constrict         |    21 |    11 ||    32
         Tentacles         |    14 |     3 ||    17
    Use: Scroll            |       |     5 ||     5
   Stab: Sleeping          |     4 |     1 ||     5
 Armour: Skin              |    11 |     4 ||    15
  Dodge: Dodged            |    61 |     9 ||    70
  Block: Buckler           |    20 |    13 ||    33
         Reflection        |       |     1 ||     1

Illustrated notes

Table legend:
 A = Kills in this place as a percentage of kills in the entire game.
 B = Kills by you in this place as a percentage of kills by you in the entire game.
 C = Kills by friends in this place as a percentage of kills by friends in the entire game.
 D = Other kills in this place as a percentage of other kills in the entire game.
 E = Experience gained in this place as a percentage of experience gained in the entire game.
 F = Experience gained in this place divided by the number of levels of this place that you have seen.
                   A       B       C       D       E      F
               +-------+-------+-------+-------+-------+----------------------
         Total | 100.0 | 100.0 |   N/A |   N/A | 100.0 |  51.5
       Dungeon | 100.0 | 100.0 |   N/A |   N/A | 100.0 |  51.5
               +-------+-------+-------+-------+-------+----------------------

Table legend: (Time is in decaauts)
 A = Elapsed time spent in this place.
 B = Non-inter-level travel time spent in this place.
 C = Inter-level travel time spent in this place.
 D = Time resting spent in this place.
 E = Time spent auto-exploring this place.
 F = Levels seen in this place.
 G = Mean time per level.
                   A        B        C        D        E       F      G
               +--------+--------+--------+--------+--------+-----+--------+
         Total |   1160 |   1129 |     31 |      0 |    783 |   2 |  580.0 |
       Dungeon |   1160 |   1129 |     31 |      0 |    783 |   2 |  580.0 |
               +--------+--------+--------+--------+--------+-----+--------+

Top non-repeatable levels by time:
     D:1: 637 daAuts
     D:2: 522 daAuts
